 Dungeon Crawl Stone Soup version 0.25.1-4-g9407a263a5 (webtiles) character file.

Game seed: 6334084883144465301

919 Clowwww the Chopper (level 7, -2/61 HPs)
             Began as a Minotaur Fighter on Nov 28, 2020.
             Slain by Grinder (4 damage)
             ... on level 5 of the Dungeon.
             The game lasted 00:11:10 (4211 turns).

Clowwww the Chopper (Minotaur Fighter)              Turns: 4211, Time: 00:11:11

Health: -2/61      AC:  7    Str: 22    XL:     7   Next: 83%
Magic:  6/6        EV:  8    Int:  5    God:
Gold:   233        SH: 10    Dex: 10    Spells: 6/6 levels left

rFire    . . .     SeeInvis .   a - +0 war axe
rCold    . . .     Gourm    .   c - +0 kite shield
rNeg     . . .     Faith    .   b - +0 scale mail
rPois    .         Spirit   .   (helmet restricted)
rElec    .         Reflect  .   (no cloak)
rCorr    .         Harm     .   (no gloves)
MR       .....                  (no boots)
Stlth    ..........             (no amulet)
HPRegen  0.20/turn              (no ring)
MPRegen  0.10/turn              (no ring)

@: no status effects
A: retaliatory headbutt, horns 2
a: no special abilities


You were on level 5 of the Dungeon.
You were hungry.

You visited 1 branch of the dungeon, and saw 5 of its levels.

You collected 233 gold pieces.

Inventory:

Hand Weapons
 a - a +0 war axe (weapon)
Missiles
 v - 14 poisoned darts (quivered)
Armour
 b - a +0 scale mail (worn)
 c - a +0 kite shield (worn)
Jewellery
 x - an uncursed ring of ice {unknown}
Wands
 o - a wand of acid (8)
Scrolls
 e - a scroll of enchant weapon {unknown}
 g - a scroll of identify
 h - 6 scrolls of teleportation
 i - 2 scrolls of noise {unknown}
 j - 2 scrolls of blinking {unknown}
 n - 3 scrolls of remove curse {unknown}
 r - a scroll of immolation {unknown}
 w - 2 scrolls of fog {unknown}
Potions
 d - 2 potions of might
 k - a potion of ambrosia {unknown}
 p - a potion of degeneration {unknown}
 q - a potion of haste {unknown}
 s - a potion of brilliance {unknown}
 t - a potion of heal wounds {unknown}
 u - a potion of cancellation {unknown}
Comestibles
 f - 11 rations


   Skills:
 + Level 5.4 Fighting
 + Level 6.9 Axes
 + Level 0.2 Throwing
 + Level 6.4 Armour
 + Level 1.4 Dodging
 + Level 0.2 Stealth
 + Level 6.0 Shields


You had 6 spell levels left.
You didn't know any spells.
Your spell library contained the following spells:

 Spells                   Type           Power        Failure   Level  Hunger
 Freeze                   Ice            #...         99%         1    ##.....
 Frozen Ramparts          Ice            #.....       100%        3    ####...
 Ozocubu's Armour         Chrm/Ice       #.......     100%        3    ####...
 Hailstorm                Conj/Ice       #.......     100%        4    #####..
 Summon Ice Beast         Ice/Summ       #.......     100%        4    #####..


Dungeon Overview and Level Annotations

Branches:
Dungeon (5/15)
 Temple: D:4-7

Altars:
Ru
The Shining One

Annotations:
D:5 Grinder


Innate Abilities, Weirdness & Mutations

You reflexively headbutt those who attack you in melee.
You have a pair of horns on your head.


Message History

Grinder is moderately wounded.
Grinder gestures at you. Pain shoots through your body!
* * * LOW HITPOINT WARNING * * *
You barely miss Grinder. You headbutt Grinder!
Grinder is heavily wounded.
You block Grinder's attack.
You closely miss Grinder.
Grinder is heavily wounded.
Grinder says, "Wait up."
You block Grinder's attack.
You closely miss Grinder. You headbutt Grinder.
Grinder is heavily wounded.
You block Grinder's attack. x2
You slash Grinder! Your headbutt misses Grinder.
Grinder is almost dead.
Grinder hits you.
* * * LOW HITPOINT WARNING * * *
You writhe in agony.
You die...

#.......# #.####..# ##
#.##....# .. #.##.#.##
#.# #.##.#.# # #.#
#.##.#.# ...#######.##
#.##÷#.#
%........5..#####.#....#
#........@)))†.........#
##.########)#######...##
#.# ##.## #g #.# .. #.#
.. #.# 5.. ..# ...


You could see Grinder.

Vanquished Creatures
  Duvessa (D:4)
  A sky beast (D:5)
  A phantom (D:5)
  An ogre (D:4)
  Dowan (D:4)
  A gnoll sergeant (D:5)
  An orc priest (D:4)
  2 orc wizards (D:4)
  Crazy Yiuf (D:3)
  3 worker ants (D:4)
  2 hound skeletons
  A worker ant zombie (D:3)
  4 adders
  8 gnolls
  An ooze (D:4)
  5 worms
  An adder skeleton (D:4)
  4 dart slugs
  7 leopard geckos
  3 orcs (D:4)
  2 ball pythons
  4 bats
  4 giant cockroaches
  6 goblins
  5 hobgoblins
  3 jackals (D:1)
  11 kobolds
  3 quokkas
  2 frilled lizards
  2 jackal skeletons
  A leopard gecko zombie (D:3)
  9 rats
101 creatures vanquished.

Notes
Turn   | Place    | Note
-------+----------+-------------------------------------------
     0 | D:1      | Clowwww the Minotaur Fighter began the quest for the Orb.
     0 | D:1      | Reached XP level 1. HP: 19/19 MP: 0/0
   129 | D:1      | Reached XP level 2. HP: 27/27 MP: 1/1
   405 | D:1      | You fall into a shaft and drop 1 floor!
   558 | D:1      | Reached XP level 3. HP: 33/33 MP: 2/2
   658 | D:1      | Found a glowing golden altar of the Shining One.
  1333 | D:2      | Found a sacrificial altar of Ru.
  1630 | D:3      | Reached XP level 4. HP: 39/41 MP: 3/3
  1809 | D:3      | Found a runed translucent door.
  1810 | D:3      | Noticed Crazy Yiuf
  1816 | D:3      | HP: 1/41 [Crazy Yiuf/+4 quarterstaff of chaos (18)]
  1819 | D:3      | Killed Crazy Yiuf
  2321 | D:3      | Reached XP level 5. HP: 47/47 MP: 4/4
  2566 | D:4      | Reached skill level 5 in Armour
  2603 | D:4      | Noticed an ogre
  2608 | D:4      | Killed an ogre
  2608 | D:4      | Reached skill level 5 in Fighting
  2608 | D:4      | Reached XP level 6. HP: 30/56 MP: 5/5
  2699 | D:4      | Reached skill level 5 in Shields
  3089 | D:4      | Reached skill level 5 in Axes
  3109 | D:4      | Reached skill level 1 in Dodging
  3381 | D:4      | Noticed Dowan
  3382 | D:4      | Noticed Duvessa
  3394 | D:4      | Killed Duvessa
  3394 | D:4      | Reached XP level 7. HP: 47/61 MP: 6/6
  3410 | D:4      | Killed Dowan
  3722 | D:5      | Entered Level 5 of the Dungeon
  4171 | D:5      | Noticed Grinder
  4191 | D:5      | HP: 3/61 [gnoll/+0 spear (4)]
  4199 | D:5      | HP: 3/61 [gnoll/+0 whip of distortion (5)]
  4203 | D:5      | HP: 1/61 [Grinder/nerve-wracking pain (6)]
  4211 | D:5      | HP: 2/61 [Grinder (1)]
  4211 | D:5      | Slain by Grinder

Illustrated notes

Levels and vault maps discovered:
D:1:      dpeg_arrival_signposts, layout_loops_ring, tso_altar
D:2:      layout_loops_cross, old_standard_altar, kennysheep_generic_room_4
D:3:      layout_rooms, serial_undead, serial_undead_e, serial_undead_f,
          serial_undead_c, serial_undead_a, uniq_crazy_yiuf_cottage
D:4:      layout_rooms, first_ration, uniq_duvessa
D:5:      layout_loops_ring, gammafunk_ghost_necromancy, uniq_grinder

Skill      XL: |  1  2  3  4  5  6  7 |
---------------+----------------------+-----
Armour         | 4 5 6 |  6.4
Fighting       | 4 5 |  5.4
Shields        | 4 5 6 |  6.0
Axes           | 3 4 5 6 |  6.9
Dodging        | 1 |  1.4
Throwing       | |  0.2
Stealth        | |  0.2

Action                   |  1- 3 |  4- 6 |  7- 9 || total
-------------------------+-------+-------+-------++-------
Melee: War axe           |    97 |    97 |    73 ||   267
       Headbutt          |    10 |    20 |    11 ||    41
Throw: Dart              |       |       |     4 ||     4
  Use: Potion            |       |     1 |     4 ||     5
       Scroll            |       |     3 |       ||     3
  Eat: Chunk             |     2 |     6 |     2 ||    10
Armor: Scale mail        |    33 |    29 |    25 ||    87
Dodge: Dodged            |    28 |    33 |    14 ||    75
Block: Kite shield       |    51 |    44 |    42 ||   137
